 Dungeon Crawl Stone Soup version 0.27-a0-1322-gfdffb62a71 (webtiles) character file.

Game seed: 5103744110920951874

109 sanka the Charlatan (level 5, -11/40 HPs)
             Began as a Djinni Artificer on June 20, 2021.
             Mangled by an ogre (22 damage)
             ... on level 4 of the Dungeon on June 22, 2021.
             The game lasted 00:05:03 (3249 turns).

sanka the Charlatan (Djinni Artificer)              Turns: 3249, Time: 00:05:04

Health: -11/40     AC:  3    Str: 11    XL:     5   Next: 13%
Gold:   129        EV: 12    Int: 13    God:
                   SH:  0    Dex: 14

rFire    + + .     SeeInvis .   o - +3 flail (holy)
rCold    x . .     Faith    .   (no shield)
rNeg     . . .     Spirit   .   b - +0 leather armour
rPois    ∞         Reflect  .   (no helmet)
rElec    .         Harm     .   (no cloak)
rCorr    .         Rampage  .   (no gloves)
Will     .....                  (boots unavailable)
Stlth    +.........             (no amulet)
HPRegen  0.13/turn              (no ring)
MPRegen  0.00/turn              (no ring)

@: flying
A: sickness immunity, fire resistance 2, cold vulnerability 1, float, innate
caster, hp casting, extra vitality 1
a: no special abilities


You were on level 4 of the Dungeon.
You visited 1 branch of the dungeon, and saw 4 of its levels.

You collected 129 gold pieces.


Innate Abilities, Weirdness & Mutations

You are immune to sickness and miasma.
You are immune to poison.
Your flesh is very heat resistant. (rF++)
You are vulnerable to cold. (rC-)
You float through the air rather than walking.
You learn spells naturally, not from books.
Your magical power is your life essence.
You have superior vitality. (+4 HP)


   Skills:
 - Level 3.0 Fighting
 - Level 1.0 Armour
 - Level 2.1 Dodging
 - Level 0.7 Stealth
 + Level 2.3 Spellcasting
 - Level 3.0 Evocations


You had 5 spell levels left.
You knew the following spells:

 Your Spells              Type           Power      Damage    Failure   Level
z - Shock                 Conj/Air       28%        1d4       12%         1
Z - Static Discharge      Conj/Air       7%         N/A       19%         2
Your spell library was empty.

Inventory:

Hand Weapons
 o - a +3 flail of holy wrath (weapon)
Missiles
 i - 3 boomerangs
Armour
 b - a +0 leather armour (worn)
 l - a scarf of resistance
Jewellery
 m - a ring of ice
Wands
 c - a wand of flame (11) (quivered)
 d - a wand of charming (14)
Scrolls
 j - a scroll of noise {unknown}
 n - 2 scrolls of enchant armour {unknown}
Potions
 a - a potion of flight {unknown}
 g - a potion of heal wounds {unknown}
 h - 2 potions of curing {unknown}
 k - a potion of mutation {unknown}
Miscellaneous
 e - a piece from Xom's chessboard (15/15)

Dungeon Overview and Level Annotations

Branches:
Dungeon (4/15)
 Temple: D:4-7

Altars:

▒[....[▒...▒
▒)▒▒▒▒.▒.▒▒▒ ▒.▒ ▒.▒.▒
▒O▒ ▒.▒.▒ ▒.▒ ▒.▒.▒▒▒
▒.▒ ▒.▒...▒.▒▒ ▒.▒
▒.▒.▒.▒... ▒.▒
▒O▒▒▒.▒..▒ ▒.▒
▒.R...▒..▒ ▒.▒
▒▒▒▒▒▒▒..▒ ▒▒▒▒▒▒ ▒.▒
▒..▒ ▒....▒ ▒.▒
▒..▒▒▒▒▒....▒
▒.▒▒▒▒▒▒▒▒▒▒............
▒....O..[.....▒........▒
▒▒▒▒▒▒▒▒▒▒▒▒▒.▒........▒
▒>+.........
▒▒▒........▒


You could see an ogre.


Message History

The zap hits the ogre.
The ogre is moderately wounded.
Aiming: Shock (safe; 12% risk of failure)
You miscast Shock.
You are very lightly contaminated with residual magic.
Nothing appears to happen.
Your magical contamination has completely faded away.
Aiming: Shock (safe; 12% risk of failure)
The zap hits the ogre.
The ogre is moderately wounded.
The zap hits the ogre.
The ogre is heavily wounded.
The ogre hits you with a +0 giant spiked club!!
Ouch! That really hurt!
* * * LOW HITPOINT WARNING * * *
Unknown command.
Aiming: Shock (safe; 12% risk of failure)
The zap hits the ogre.
The ogre is heavily wounded.
The zap hits the ogre.
The ogre is severely wounded.
* * * LOW HITPOINT WARNING * * *
Aiming: Shock (safe; 12% risk of failure)
The zap hits the ogre.
The ogre is severely wounded.
The zap misses the ogre.
* * * LOW HITPOINT WARNING * * *
The ogre hits you with a +0 giant spiked club!!
Ouch! That really hurt!
You die...

Action                   |  1- 3 |  4- 6 || total
-------------------------+-------+-------++-------
Melee: Short sword       |    73 |    35 ||   108
       Club              |     1 |       ||     1
 Cast: Shock             |    10 |    40 ||    50
Evoke: Wand              |     5 |       ||     5
 Stab: Sleeping          |     1 |       ||     1
       Distracted        |     1 |       ||     1
Armor: Leather armour    |    30 |    11 ||    41
Dodge: Dodged            |    46 |    41 ||    87

Levels and vault maps discovered:
D:1:      sevenhm_arrival_forest_fort_large_4, layout_loops_corners,
          hellmonk_ecumenical_altar_crossroads, minmay_vboxes
D:2:      wad_lake_hut, layout_basic
D:3:      layout_loops_cross
D:4:      layout_basic, uniq_eustachio

Notes
Turn   | Place    | Note
-------+----------+-------------------------------------------
     0 | D:1      | sanka the Djinni Artificer began the quest for the Orb.
     0 | D:1      | Reached XP level 1. HP: 17/17 MP: 0/0
   368 | D:1      | Reached skill level 2 in Fighting
   368 | D:1      | Reached XP level 2. HP: 23/23 MP: 0/0
   585 | D:1      | Found a faded altar of an unknown god.
   738 | D:1      | Identified a scarf of resistance
   782 | D:1      | Reached XP level 3. HP: 18/29 MP: 0/0
   782 | D:1      | Learned a level 1 spell: Shock
  1288 | D:2      | You are sucked into a shaft and drop 1 floor!
  1351 | D:3      | Reached skill level 3 in Fighting
  1395 | D:3      | Reached skill level 1 in Spellcasting
  1395 | D:3      | Reached XP level 4. HP: 17/35 MP: 0/0
  2030 | D:3      | Upgraded the game from 0.27-a0-1312-g5cdb2b3542 to
                  | 0.27-a0-1322-gfdffb62a71
  2626 | D:4      | Reached skill level 2 in Spellcasting
  3025 | D:4      | Reached XP level 5. HP: 20/40 MP: 0/0
  3025 | D:4      | Learned a level 2 spell: Static Discharge
  3185 | D:4      | Noticed an ogre
  3249 | D:4      | Mangled by an ogre

Vanquished Creatures
  A hound skeleton (D:4)
  2 gnolls (D:3)
  3 adders (D:3)
  An ufetubus (D:4)
  An orc (D:4)
  5 ball pythons
  2 bats (D:1)
  3 endoplasms
  2 giant cockroaches (D:1)
  2 goblins
  6 hobgoblins
  3 quokkas
  4 frilled lizards
  2 kobolds (D:1)
  3 rats
40 creatures vanquished.

Vanquished Creatures (collateral kills)
  A gnoll (D:3)
1 creature vanquished.

Vanquished Creatures (others)
  A gnoll (D:3)
1 creature vanquished.

Grand Total: 42 creatures vanquished
